 Dungeon Crawl Stone Soup version 0.27.1 (webtiles) character file.

Game seed: 3072265177452442087

98 funkygono the Firebug (level 4, -3/24 HPs)
             Began as a Gargoyle Fire Elementalist on Aug 29, 2021.
             Slain by an orc warrior (12 damage)
             ... on level 2 of the Dungeon.
             The game lasted 00:05:55 (3260 turns).

funkygono the Firebug (Gargoyle Fire Elementalist)  Turns: 3260, Time: 00:05:56

Health: -3/24      AC:  5    Str: 12    XL:     4   Next: 71%
Magic:  6/8        EV: 12    Int: 16    God:
Gold:   102        SH:  0    Dex: 10    Spells: 0/8 levels left

rFire    . . .     SeeInvis .   k - +0 whip
rCold    . . .     Faith    .   (no shield)
rNeg     + . .     Spirit   .   a - +0 robe
rPois    ∞         Reflect  .   (no helmet)
rElec    +         Harm     .   (no cloak)
rCorr    .         Rampage  .   (no gloves)
Will     .....                  (no boots)
Stlth    ++........             (no amulet)
HPRegen  0.08/turn              (no ring)
MPRegen  0.11/turn              (no ring)

@: no status effects
A: sickness immunity, AC +3, negative energy resistance 1, electricity
resistance, torment resistance 1, petrification resistance
a: no special abilities


You were on level 2 of the Dungeon.
You visited 1 branch of the dungeon, and saw 3 of its levels.

You collected 102 gold pieces.

Inventory:

Hand Weapons
 c - a +0 club
 k - a +0 whip (weapon)
Missiles
 b - 41 stones
Armour
 a - a +0 robe (worn)
Scrolls
 e - a scroll of teleportation {unknown}
 f - 2 scrolls of enchant armour {unknown}
 h - 2 scrolls of identify {unknown}
 i - a scroll of amnesia {unknown}
 j - a scroll of immolation {unknown}
Potions
 d - a potion of magic {unknown}
 g - a potion of curing {unknown}


   Skills:
 + Level 0.1 Fighting
 + Level 1.7 Dodging
 - Level 2.1 Stealth
 * Level 2.9 Spellcasting
 * Level 1.9 Conjurations
 * Level 4.2 Fire Magic


You couldn't memorise any spells.
You knew the following spells:

 Your Spells              Type           Power      Damage    Failure   Level
a - Foxfire               Conj/Fire      48%        2x1d6     5%          1
b - Conjure Flame         Conj/Fire      12%        6-21      16%         3
c - Sticky Flame          Conj/Fire      12%        2d4       45%         4

Your spell library contained the following spells:

 Spells                   Type           Power      Damage    Failure   Level
 Inner Flame              Hex/Fire       9%         N/A       24%         3
 Fireball                 Conj/Fire      6%         3d5       82%         5


Dungeon Overview and Level Annotations

Branches:
Dungeon (3/15)

Altars:


Innate Abilities, Weirdness & Mutations

You are immune to sickness and miasma.
Your stone body is resilient. (AC +3)
You are immune to poison.
You resist negative energy. (rN+)
You are resistant to electric shocks. (rElec)
You are resistant to unholy torment.
You are immune to petrification.


Message History

Casting: Foxfire (safe; 5% risk of failure)
Confirm with . or Enter, or press ? or * to list all spells.
You don't have enough magic to cast this spell.
Unknown command.
You hit the orc warrior.
The orc warrior is moderately wounded.
The orc warrior hits you with a +0 flail.
The orc priest miscasts a cantrip.
The orc wizard casts a spell.
The orc wizard flickers and vanishes!
The orc warrior hits you with a +0 flail.
There is a large open door here.
You see here a +0 scale mail.
The orc priest miscasts a cantrip.
There is a large open door here.
There is an open door here.
The orc wizard gestures wildly while chanting.
The orc wizard flickers and vanishes!
There is a faded altar of an unknown god here.
There is a stone staircase leading up here.
The orc warrior misses you.
You climb upwards.
Reactivating autopickup.
There is a stone staircase leading down here.
The orc warrior misses you.
The orc warrior hits you with a +0 flail.
Casting: Foxfire (safe; 5% risk of failure)
Confirm with . or Enter, or press ? or * to list all spells.
You conjure some foxfire!
The orc warrior hits you with a +0 flail!
The foxfire hits the orc warrior.
The orc warrior is moderately wounded.
The foxfire hits the orc warrior.
The orc warrior is moderately wounded.
Casting: Foxfire (safe; 5% risk of failure)
Confirm with . or Enter, or press ? or * to list all spells.
You conjure some foxfire!
The orc warrior hits you with a +0 flail!
Ouch! That really hurt!
You die...

#......# #... #......####...
#......'..'...
#......####...
##########'#######...
#...........# #...##
#...........# #...##
##...........####...#.
#>..o@v.........'...+.
########....v.......###...#.
#...................###)..#.
#........####'#####..##...#.
#........# #.# ##.##...#.
#........####.# #.#######
#.....[..#....######.#######
#..................#..##....
#..................##.##....


You could see an orc warrior (ally target).

Vanquished Creatures
  An adder (D:2)
  A worm (D:2)
  5 dart slugs
  5 ball pythons
  5 bats (D:1)
  7 endoplasms
  6 giant cockroaches
  6 goblins
  11 hobgoblins
  3 quokkas
  7 frilled lizards
  7 kobolds
  6 rats
70 creatures vanquished.

Vanquished Creatures (others)
  218 foxfires
218 creatures vanquished.

Grand Total: 288 creatures vanquished

Notes
Turn   | Place    | Note
-------+----------+-------------------------------------------
     0 | D:1      | funkygono the Gargoyle Fire Elementalist began the quest
                  | for the Orb.
     0 | D:1      | Reached XP level 1. HP: 10/10 MP: 3/3
   252 | D:1      | Reached XP level 2. HP: 15/15 MP: 3/5
   871 | D:1      | Reached XP level 3. HP: 19/19 MP: 4/6
  1429 | D:1      | Learned a level 3 spell: Conjure Flame
  1485 | D:2      | Reached skill level 4 in Fire Magic
  1705 | D:2      | Reached XP level 4. HP: 24/24 MP: 3/7
  1710 | D:2      | Learned a level 4 spell: Sticky Flame
  2721 | D:3      | Found a faded altar of an unknown god.
  3111 | D:3      | Noticed an orc warrior
  3260 | D:2      | Slain by an orc warrior

Illustrated notes

Levels and vault maps discovered:
D:1:      dpeg_arrival_subterranean_lakeside_camping, layout_basic
D:2:      layout_basic, minmay_pentomino_t4
D:3:      layout_loops_corners, vehumet_crystals, serial_shops, shop_fountains,
          hellmonk_ecumenical_altar_crossroads, kennysheep_cross_room,
          feat_on_display

Skill      XL: |  1  2  3 |
---------------+----------+-----
Fire Magic     | 4 |  4.2
Fighting       | |  0.1
Dodging        | |  1.7
Stealth        | |  2.1
Spellcasting   | |  2.9
Conjurations   | |  1.9

Action                   |  1- 3 |  4- 6 || total
-------------------------+-------+-------++-------
Melee: Club              |     9 |     1 ||    10
       Whip              |       |     1 ||     1
 Cast: Foxfire           |    69 |    63 ||   132
       Conjure Flame     |       |     2 ||     2
  Use: Scroll            |     1 |       ||     1
Armor: Robe              |     9 |     1 ||    10
Dodge: Dodged            |    17 |     5 ||    22
